 Dungeon Crawl Stone Soup version 0.23.2-40-g277498a001 (webtiles) character file.

Game seed: 11572675368991524380

116610 Exodus22XD the Eclecticist (level 15, -1/72 HPs)
             Began as a Deep Elf Ice Elementalist on Sept 26, 2019.
             Was the Champion of Kikubaaqudgha.
             Slain by an anaconda simulacrum (13 damage)
             ... in an ice cave on Sept 28, 2019.
             The game lasted 07:38:47 (35758 turns).

Exodus22XD the Eclecticist (DEIE)                  Turns: 35758, Time: 07:38:49

Health: -1/72      AC: 22    Str:  5    XL:     15   Next: 89%
Magic:  48/56      EV: 13    Int: 27    God:    Kikubaaqudgha [******]
Gold:   1525       SH:  0    Dex: 17    Spells: 6/54 levels left

rFire    x . .     SeeInvis +   J - staff of power
rCold    + . .     Gourm    +   (no shield)
rNeg     . . .     Faith    .   T - +5 steam dragon scales
rPois    .         Spirit   .   W - +1 hat
rElec    +         Reflect  .   Z - +2 cloak {MR+}
rCorr    .         Harm     .   t - +1 pair of gloves
MR       ++...                  l - +1 pair of boots {Stlth+}
Stlth    +++.......             g - amulet of Paruskeq {Gourm rElec Dex+2 SInv}
HPRegen  0.22/turn              E - +4 ring of protection
MPRegen  0.35/turn              N - ring of ice

@: about to teleport, very slightly contaminated
A: no striking features
}: 1/15 runes: barnacled
a: Receive Corpses, Torment, Renounce Religion


You were in an ice cave.
You worshipped Kikubaaqudgha.
Kikubaaqudgha was exalted by your worship.
You were completely stuffed.

You visited 7 branches of the dungeon, and saw 32 of its levels.
You also visited: Ice Cave.

You collected 2338 gold pieces.
You spent 813 gold pieces at shops.

Inventory:

Armour
 l - a +1 pair of boots of stealth (worn)
 t - a +1 pair of gloves (worn)
 z - a +1 cloak
 T - +5 steam dragon scales (worn)
 W - a +1 hat (worn)
 Z - a +2 cloak of magic resistance (worn)
Magical Staves
 n - an uncursed staff of fire
 J - an uncursed staff of power (weapon)
Jewellery
 d - an uncursed ring of poison resistance
 g - the amulet of Paruskeq (around neck) {Gourm rElec Dex+2 SInv}
   (You found it on level 6 of the Lair of Beasts)

   [amulet of the gourmand]

   It allows you to eat raw meat even when not hungry.
   It affects your dexterity (+2).
   It insulates you from electricity.
   It lets you see invisible.
 r - an uncursed ring of resist corrosion
 E - a +4 ring of protection (left hand)
 N - a ring of ice (right hand)
 U - an uncursed ring of wizardry
 Y - an uncursed ring of fire
Wands
 h - a wand of paralysis (12)
 v - a wand of flame (66)
 x - a wand of enslavement (9)
 D - a wand of random effects (52)
 L - a wand of clouds (13)
 M - a wand of polymorph (7)
 O - a wand of disintegration (15)
 V - a wand of iceblast (2)
Scrolls
 a - a scroll of immolation
 f - 11 scrolls of remove curse
 j - a scroll of acquirement {unknown}
 q - 4 scrolls of teleportation
 s - a scroll of holy word
 y - a scroll of blinking
 A - a scroll of vulnerability
 C - 4 scrolls of magic mapping
 H - a scroll of torment
 K - a scroll of enchant armour
 S - a scroll of summoning
Potions
 e - 6 potions of brilliance
 i - 7 potions of agility
 k - 2 potions of resistance
 m - 3 potions of haste {unknown}
 o - 6 potions of might
 u - 5 potions of flight
 w - 2 potions of curing
 B - 2 potions of degeneration {unknown}
 F - 2 potions of cancellation {unknown}
 G - 7 potions of mutation
 P - a potion of berserk rage {unknown}
 X - 4 potions of lignification {unknown}
Miscellaneous
 p - a crystal ball of energy
 Q - 3 sacks of spiders
 R - a lightning rod (4/4)
Comestibles
 c - 48 rations


   Skills:
 - Level 2.4 Dodging
 - Level 2.4 Stealth
 - Level 20.0 Spellcasting
 - Level 1.1 Conjurations
 - Level 15.5 Charms
 * Level 8.1 Summonings
 - Level 19.4 Necromancy
 - Level 10.0 Ice Magic


You had 6 spell levels left.
You knew the following spells:

 Your Spells              Type           Power        Failure   Level  Hunger
a - Freeze                Ice            ####         1%          1    None
b - Summon Ice Beast      Ice/Summ       #######.     1%          4    None
c - Ozocubu's Armour      Chrm/Ice       #######.     1%          3    None
d - Throw Icicle          Conj/Ice       ######..     1%          4    None
e - Simulacrum            Ice/Necr       ########..   1%          6    #......
f - Animate Skeleton      Necr           N/A          0%          1    None
g - Regeneration          Chrm/Necr      #######...   0%          3    None
h - Swiftness             Chrm/Air       ######..     1%          2    None
i - Dispel Undead         Necr           #######.     0%          5    None
j - Bolt of Draining      Conj/Necr      ######....   1%          5    None
k - Death's Door          Chrm/Necr      #######...   8%          8    ######.
l - Deflect Missiles      Chrm/Air       ######....   10%         6    #......

Your spell library contained the following spells:

 Spells                   Type           Power        Failure   Level  Hunger
 Infusion                 Chrm           ####         0%          1    None
 Pain                     Necr           ####         0%          1    None
 Song of Slaying          Chrm           #######.     0%          2    None
 Sublimation of Blood     Necr           #######...   0%          2    None
 Vampiric Draining        Necr           #######...   0%          3    None
 Animate Dead             Necr           N/A          0%          4    None
 Confusing Touch          Hex            ####..       1%          1    None
 Flame Tongue             Conj/Fire      ####.        1%          1    None
 Shock                    Conj/Air       ####         1%          1    None
 Sting                    Conj/Pois      ####         1%          1    None
 Shroud of Golubria       Chrm/Tloc      ######....   1%          2    None
 Throw Flame              Conj/Fire      ####..       1%          2    None
 Throw Frost              Conj/Ice       ######       1%          2    None
 Recall                   Summ/Tloc      N/A          1%          3    None
 Spectral Weapon          Hex/Chrm       ######..     1%          3    None
 Aura of Abjuration       Summ           ######....   1%          5    None
 Excruciating Wounds      Chrm/Necr      #######...   1%          5    None
 Summon Demon             Summ           ######....   1%          5    None
 Poisonous Vapours        Pois/Air       ####..       2%          2    None
 Conjure Flame            Conj/Fire      ####....     3%          3    None
 Static Discharge         Conj/Air       ####....     3%          3    None
 Summon Lightning Spire   Summ/Air       #####...     3%          4    None
 Confuse                  Hex            ####....     4%          3    None
 Gell's Gravitas          Tloc           ####......   4%          3    None
 Ignite Poison            Fire/Tmut/Pois ####....     4%          3    None
 Inner Flame              Hex/Fire       ####....     4%          3    None
 Mephitic Cloud           Conj/Pois/Air  ####....     4%          3    None
 Metabolic Englaciation   Hex/Ice        ######....   5%          5    None
 Summon Forest            Summ/Tloc      #####.....   9%          5    None
 Summon Mana Viper        Hex/Summ       #####...     9%          5    None
 Shadow Creatures         Summ           N/A          9%          6    #......
 Sticky Flame             Conj/Fire      ####....     12%         4    None
 Airstrike                Air            ####......   16%         4    None
 Olgreb's Toxic Radiance  Pois           ####....     16%         4    None
 Petrify                  Tmut/Erth      ####....     16%         4    None
 Fireball                 Conj/Fire      ####......   34%         5    None
 Lightning Bolt           Conj/Air       ####......   34%         5    None
 Venom Bolt               Conj/Pois      ####......   34%         5    None
 Silence                  Hex/Air        ####......   38%         5    None
 Yara's Violent Unravell  Hex/Tmut       ####......   38%         5    None
 Freezing Cloud           Conj/Ice/Air   ######....   45%         6    #......
 Bolt of Fire             Conj/Fire      ####......   88%         6    #......
 Conjure Ball Lightning   Conj/Air       ####......   88%         6    #......
 Borgnjor's Revivificati  Necr           #######...   3%          8    ######.
 Infestation              Necr           #######...   3%          8    ######.
 Haunt                    Necr/Summ      #######...   4%          7    ####...
 Ring of Flames           Chrm/Fire      ######....   47%         7    ####...
 Necromutation            Tmut/Necr      ######....   88%         8    ######.
 Ignition                 Fire           ####......   100%        8    ######.
 Tornado                  Air            ####......   100%        9    #######


Dungeon Overview and Level Annotations

Branches:
Dungeon (15/15)            Temple (1/1) D:4            Lair (6/6) D:11
 Shoals (4/4) Lair:3        Snake (3/4) Lair:4        Slime (0/5) Lair:6
    Orc (2/2) D:9             Elf (0/3) Orc:2        Vaults (0/5) D:13
 Depths (1/5) D:15

Altars:
Cheibriados
Dithmenos
Gozag
Kikubaaqudgha
Makhleb
Nemelex Xobeh
Okawaru
Qazlal
Ru
Sif Muna
Trog
Uskayaw
Vehumet
Wu Jian
Yredelemnul
Zin
The Shining One

Shops:
D:5 [   D:7 !   D:11 :   D:15 !   Shoals:1 ?   Snake:2 }}=%

Annotations:
D:10 1 runed translucent door
D:14 exclusion: ice statue
Shoals:2 2 runed translucent doors, Amplified's ghost, adept NaBe IceCv exclusion: 5 ice statues


Message History

The harpy simulacrum claws you. The harpy simulacrum freezes you. You resist.
Casting: Dispel Undead (safe; 0% risk of failure)
Confirm with . or Enter, or press ? or * to list all spells.
You miscast Death's Door.
The dust glows shining red!
The harpy simulacrum barely misses you. x2
The anaconda simulacrum closely misses you.
The anaconda simulacrum bites you but does no damage.
The anaconda simulacrum constricts you but does no damage.
The anaconda simulacrum bites you but does no damage.
The harpy simulacrum claws you.
* * * LOW HITPOINT WARNING * * *
The harpy simulacrum freezes you. You resist.
* * * LOW HITPOINT WARNING * * *
The harpy simulacrum completely misses you.
The anaconda simulacrum constricts you but does no damage.
The anaconda simulacrum bites you.
* * * LOW HITPOINT WARNING * * *
The anaconda simulacrum freezes you! You resist.
You die...
Kikubaaqudgha rasps: "You have failed me!
Welcome... death!"

#8..Y§§..8#
#...☼°....#
#...§°☼.Y.#
#...☼○○°..#
#8.Y.YY..8#
##..Y....##
##..§°☼##
###8###
#@Zu○☼#
#.ZZ☼...#
#..§Z§....#
#..§§§....#
#?§§§§§..!#
#%.......)#
#}%..[..?=#
###########


You could see a white very ugly thing, 2 ice statues, 3 anaconda simulacra and a
harpy simulacrum.

Vanquished Creatures
  Vashnia (Snake:2)
  Nikola (Snake:1)
  3 merfolk impalers
  A naga warrior (Snake:3)
  A catoblepas (Shoals:2)
  A two-headed ogre (D:15)
  A death yak (Shoals:2)
  A naga sharpshooter (Snake:2)
  A fire crab (Lair:6)
  2 shock serpents (Snake:3)
  A sea snake (Shoals:3)
  4 unseen horrors
  A wizard (D:13)
  3 harpies (Shoals:4)
  A salamander (Snake:3)
  A manticore (Shoals:2)
  2 mana vipers (Snake:2)
  3 black mambas
  A water nymph (Shoals:1)
  2 centaur skeletons
  A freezing wraith (D:14)
  2 gargoyles (D:10)
  A golden dragon simulacrum (IceCv)
  4 merfolk
  A wind drake (Shoals:4)
  2 snapping turtles (Shoals:4)
  A hippogriff (D:10)
  2 shadows
  A vampire (D:15)
  2 wraiths
  3 yaks
  A wyvern (D:12)
  A harpy simulacrum (IceCv)
  A naga (Snake:3)
  An iron troll simulacrum (IceCv)
  A soldier ant (Lair:4)
  A hydra simulacrum (IceCv)
  A hell hound (D:13)
  A sky beast (D:10)
  A boggart (D:15)
  A big kobold (D:9)
  3 bullfrogs
  2 scorpions
  A wight (D:12)
  2 killer bees
  3 crimson imps
  4 hounds
  8 orc wizards
  3 orc priests
  2 iguanas
  11 worker ants
  6 adders
  3 shadow imps
  2 oozes (D:2)
  6 worms
  A dart slug (D:3)
  3 leopard geckos
  26 orcs
  2 ball pythons
  2 bats
  7 giant cockroaches
  8 goblins
  5 hobgoblins
  14 jackals
  10 kobolds
  2 quokkas (D:8)
  A ball python skeleton (D:3)
  2 frilled lizards (D:2)
  A quokka skeleton (D:4)
  7 rats
209 creatures vanquished.

Vanquished Creatures (collateral kills)
  Polyphemus (Shoals:2)
  Gastronok (D:12)
  Donald (Shoals:1)
  3 nagarajas
  A very ugly thing (IceCv)
  2 entropy weavers (Lair:4)
  Nessos (D:13)
  5 merfolk javelineers
  4 merfolk impalers
  Snorg (Lair:6)
  A fire dragon (Lair:6)
  12 naga warriors
  A merfolk avatar (Shoals:4)
  3 vault guards (D:13)
  4 hydras
  7 anacondas
  3 centaur warriors
  4 merfolk aquamancers
  A catoblepas (Lair:4)
  2 two-headed ogres
  2 satyrs
  An alligator snapping turtle (Shoals:4)
  7 death yaks
  A queen ant (Lair:4)
  Urug (Lair:4)
  5 naga sharpshooters
  4 shock serpents
  A shadow wraith (D:10)
  Sonja (Lair:6)
  A salamander mystic (Snake:2)
  A fire crab (Lair:6)
  4 sea snakes
  2 naga ritualists
  2 wizards
  A lindwurm (Lair:6)
  2 orc knights (D:13)
  A necromancer (D:15)
  5 harpies
  An oklob plant (Lair:3)
  2 orc sorcerers
  2 mana vipers (Snake:1)
  10 cyclopes
  5 salamanders
  8 fauns
  9 manticores
  Maurice (D:10)
  5 ugly things (D:15)
  26 black mambas
  2 ice statues (Snake:3)
  2 centaur zombies
  6 merfolk sirens
  3 molten gargoyles (Lair:6)
  11 naga magi
  Psyche (D:8)
  2 water nymphs
  13 spiny frogs
  5 guardian serpents
  8 komodo dragons
  A kobold demonologist (D:14)
  A rime drake (Lair:5)
  An efreet (D:10)
  6 trolls
  2 polar bears
  A meliai (D:10)
  24 merfolk
  5 wind drakes
  12 hippogriffs
  5 blink frogs
  11 slime creatures
  17 dream sheep
  8 snapping turtles
  A centaur simulacrum (D:15)
  6 wyverns
  12 water elementals
  A wraith (D:10)
  37 yaks
  3 steam dragons (Lair:6)
  4 fire bats (D:13)
  A fire elemental (Lair:6)
  6 basilisks
  2 hungry ghosts
  4 humans
  Grum (D:8)
  Menkaure (D:4)
  A harpy simulacrum (IceCv)
  21 nagas
  11 soldier ants (Lair:4)
  An acid dragon (D:12)
  12 water moccasins
  4 hell hounds (Lair:6)
  9 porcupines
  10 ice beasts
  14 orc warriors
  3 sky beasts
  A necrophage (D:12)
  4 boggarts (D:15)
  13 ogres
  2 phantoms
  2 eyes of draining (D:14)
  6 wolves
  9 centaurs
  7 crocodiles
  An elf zombie (D:12)
  3 big kobolds
  10 bullfrogs
  Blork the orc (D:4)
  5 wyvern zombies
  2 water moccasin skeletons
  3 scorpions
  8 killer bees
  An electric eel (Lair:3)
  12 howler monkeys
  5 crimson imps
  2 quasits
  2 bullfrog zombies
  7 lava snakes
  2 hounds
  5 centaur skeletons
  5 jellies
  12 orc priests
  4 human zombies (D:12)
  3 iguanas
  4 bullfrog skeletons
  7 orc wizards
  A human skeleton (D:12)
  18 worker ants
  An ogre zombie (D:12)
  2 hound zombies
  A hound skeleton (D:10)
  3 mummies (D:12)
  3 worker ant zombies
  A howler monkey zombie (D:4)
  3 gnolls (D:9)
  2 adders (D:10)
  2 shadow imps
  6 oozes
  An adder zombie (D:5)
  2 adder skeletons
  A leopard gecko (D:7)
  56 orcs
  4 jackals
  16 kobolds
  A quokka skeleton (D:7)
  A quokka zombie (D:9)
  A butterfly (Lair:2)
  2 fire vortices (D:13)
  5 plants
762 creatures vanquished.

Vanquished Creatures (others)
  A harpy (Shoals:2)
  Ijyb (D:3)
  A fire vortex (D:13)
  4 fungi
  6 plants
13 creatures vanquished.

Grand Total: 984 creatures vanquished

Notes
Turn   | Place    | Note
-------+----------+-------------------------------------------
     0 | D:1      | Exodus22XD the Deep Elf Ice Elementalist began the quest
                  | for the Orb.
     0 | D:1      | Reached XP level 1. HP: 10/10 MP: 6/6
   272 | D:1      | Reached XP level 2. HP: 13/15 MP: 6/8
   879 | D:2      | Reached XP level 3. HP: 6/19 MP: 2/10
  1173 | D:2      | Reached skill level 4 in Spellcasting
  1449 | D:2      | Found a basalt altar of Yredelemnul.
  1500 | D:2      | Reached XP level 4. HP: 24/24 MP: 7/12
  1681 | D:1      | Learned a level 4 spell: Summon Ice Beast
  1685 | D:1      | Learned a level 3 spell: Ozocubu's Armour
  1688 | D:1      | Learned a level 2 spell: Throw Frost
  1807 | D:2      | Reached skill level 1 in Summonings
  2421 | D:3      | Noticed Ijyb
  2441 | D:3      | Killed Ijyb
  2831 | D:3      | Reached XP level 5. HP: 28/28 MP: 11/13
  3025 | D:4      | Found a sparkling altar of Nemelex Xobeh.
  3878 | D:4      | Noticed Blork the orc
  3888 | D:4      | Killed Blork the orc
  3888 | D:4      | Reached XP level 6. HP: 10/32 MP: 1/14
  4068 | D:4      | Reached skill level 5 in Summonings
  4284 | D:4      | Noticed Menkaure
  4457 | D:4      | Reached skill level 5 in Spellcasting
  4472 | D:4      | Found a staircase to the Ecumenical Temple.
  4510 | D:4      | Reached skill level 5 in Ice Magic
  4542 | Temple   | Entered the Ecumenical Temple
  4550 | Temple   | Became a worshipper of Kikubaaqudgha
  4706 | D:4      | Killed Menkaure
  4706 | D:4      | Reached skill level 6 in Spellcasting
  4706 | D:4      | Reached XP level 7. HP: 20/36 MP: 9/18
  5238 | D:4      | Found a glowing golden altar of the Shining One.
  5393 | D:5      | Entered Level 5 of the Dungeon
  5984 | D:5      | Found Zalo's Armour Shop.
  5992 | D:5      | Bought a +1 pair of boots of stealth for 231 gold pieces
  6075 | D:5      | Reached skill level 7 in Spellcasting
  6498 | D:6      | Found a hide-covered altar of Uskayaw.
  6502 | D:6      | Noticed a +0 dagger
  6502 | D:6      | Noticed a +0 dagger
  6690 | D:6      | Reached skill level 8 in Spellcasting
  6710 | D:6      | Reached XP level 8. HP: 41/41 MP: 15/22
  7055 | D:7      | Found a radiant altar of Vehumet.
  7203 | D:7      | Found an opulent altar of Gozag.
  7278 | D:7      | Reached * piety under Kikubaaqudgha
  7278 | D:7      | Identified Kikubaaqudgha's Volume of Evil Arts
                  | (Kikubaaqudgha gifted it to you on level 7 of the Dungeon)
  7278 | D:7      | Received a gift from Kikubaaqudgha
  7328 | D:7      | Learned a level 1 spell: Animate Skeleton
  7334 | D:7      | Found a deep blue altar of Sif Muna.
  7334 | D:7      | Noticed a hippogriff
  7356 | D:7      | Killed a hippogriff
  7401 | D:7      | Reached skill level 9 in Spellcasting
  7495 | D:7      | Found an ornate altar of the Wu Jian Council.
  8272 | D:7      | Found Ebihiydd's Distillery.
  8333 | D:8      | Noticed Psyche
  8349 | D:8      | Killed Psyche
  8349 | D:8      | Reached skill level 10 in Spellcasting
  8428 | D:8      | Reached ** piety under Kikubaaqudgha
  8439 | D:8      | Found an iron altar of Okawaru.
  8454 | D:8      | Reached XP level 9. HP: 45/45 MP: 11/25
  8749 | D:8      | Got a flickering amethyst amulet
  8750 | D:8      | Identified the amulet of Idealism {RegenMP rElec} (You
                  | found it on level 8 of the Dungeon)
  8898 | D:8      | Reached skill level 10 in Ice Magic
  8906 | D:8      | Reached skill level 1 in Necromancy
  8913 | D:8      | Noticed Grum
  8926 | D:8      | Killed Grum
  9446 | D:9      | Reached *** piety under Kikubaaqudgha
  9446 | D:9      | Identified Kikubaaqudgha's Disquisition on Evil
                  | (Kikubaaqudgha gifted it to you on level 9 of the Dungeon)
  9446 | D:9      | Received a gift from Kikubaaqudgha
  9473 | D:9      | Reached skill level 5 in Necromancy
  9527 | D:9      | Found a sacrificial altar of Ru.
  9692 | D:9      | Reached **** piety under Kikubaaqudgha
  9767 | D:9      | Identified the +1 robe of the Desert {SInv}
  9767 | D:9      | Noticed a tengu conjurer
  9804 | D:9      | Identified the +5 chain mail "Ilamuth" {Int+7}
  9804 | D:9      | Identified the +8 shield "Buvvir" {Regen+}
  9805 | D:9      | Noticed a wizard
  9822 | D:9      | Noticed a troll
 10004 | D:9      | Found a staircase to the Orcish Mines.
 10216 | D:9      | Found a glowing silver altar of Zin.
 10464 | D:10     | Entered Level 10 of the Dungeon
 10479 | D:10     | Noticed Maurice
 10527 | D:10     | Killed Maurice
 10795 | D:10     | Reached XP level 10. HP: 48/50 MP: 22/26
 10849 | D:10     | Found a runed translucent door.
 10849 | D:10     | Found a runed translucent door.
 10849 | D:10     | Found a runed translucent door.
 10849 | D:10     | Noticed a two-headed ogre
 10973 | D:10     | Reached ***** piety under Kikubaaqudgha
 11232 | D:10     | Reached skill level 10 in Necromancy
 11247 | D:10     | Learned a level 6 spell: Simulacrum
 11546 | D:11     | Found Seuttut's Book Shoppe.
 11559 | D:11     | Got a faintly humming robe
 11570 | D:11     | Identified the cursed +0 robe of Absence {Str+4} (You found
                  | it on level 11 of the Dungeon)
 11879 | D:11     | Reached skill level 11 in Spellcasting
 11885 | D:11     | Found a staircase to the Lair.
 12373 | Lair:1   | Entered Level 1 of the Lair of Beasts
 12633 | Lair:1   | Noticed a black mamba
 12645 | Lair:1   | Killed a black mamba
 12645 | Lair:1   | Reached skill level 12 in Spellcasting
 12667 | Lair:1   | Noticed a five-headed hydra
 12682 | Lair:1   | Killed a five-headed hydra
 12964 | Lair:2   | Noticed a spiny frog
 13034 | Lair:2   | Noticed a spiny frog
 13043 | Lair:2   | Killed a spiny frog
 13088 | Lair:2   | Killed a spiny frog
 13088 | Lair:2   | Reached skill level 13 in Spellcasting
 13104 | Lair:2   | Noticed a spiny frog
 13118 | Lair:2   | Killed a spiny frog
 13229 | Lair:2   | Noticed a spiny frog
 13236 | Lair:2   | Killed a spiny frog
 13322 | Lair:2   | Noticed a five-headed hydra
 13332 | Lair:2   | Killed a five-headed hydra
 13352 | Lair:2   | Reached skill level 14 in Spellcasting
 13352 | Lair:2   | Reached XP level 11. HP: 54/54 MP: 27/31
 13567 | Lair:3   | Found a staircase to the Shoals.
 13701 | Lair:3   | Noticed an oklob plant
 13778 | Lair:3   | Noticed an eight-headed hydra
 13785 | Lair:3   | Killed an eight-headed hydra
 14102 | Lair:3   | You fall through a shaft for 3 floors!
 14102 | Lair:6   | Entered Level 6 of the Lair of Beasts
 14103 | Lair:6   | Noticed a fire crab
 14121 | Lair:6   | Noticed Snorg
 14135 | Lair:6   | Reached skill level 15 in Spellcasting
 14142 | Lair:6   | Killed Snorg
 14191 | Lair:6   | Killed a fire crab
 14224 | Lair:6   | Found a staircase to the Slime Pits.
 14238 | Lair:6   | Reached skill level 1 in Charms
 14255 | Lair:6   | Noticed a fire crab
 14552 | Lair:5   | Reached skill level 5 in Charms
 14564 | Lair:5   | Learned a level 3 spell: Regeneration
 14624 | Lair:5   | Reached ****** piety under Kikubaaqudgha
 15052 | Lair:5   | Noticed a death yak
 15053 | Lair:5   | Noticed a death yak
 15058 | Lair:5   | Received a gift from Kikubaaqudgha
 15068 | Lair:5   | Noticed a death yak
 15069 | Lair:5   | Killed a death yak
 15070 | Lair:5   | Noticed a death yak
 15073 | Lair:5   | Noticed a death yak
 15125 | Lair:4   | Noticed Urug
 15463 | Lair:4   | Noticed a catoblepas
 15547 | Lair:4   | Killed a catoblepas
 15569 | Lair:4   | Found a deep blue altar of Sif Muna.
 15576 | Lair:4   | Found a staircase to the Snake Pit.
 15727 | Lair:4   | Killed Urug
 15727 | Lair:4   | Reached skill level 10 in Charms
 15889 | Lair:4   | Noticed an entropy weaver
 15895 | Lair:4   | Noticed a queen ant
 15905 | Lair:4   | Killed a queen ant
 15917 | Lair:4   | Noticed an entropy weaver
 15948 | Lair:4   | Killed an entropy weaver
 15951 | Lair:4   | Reached XP level 12. HP: 31/59 MP: 15/33
 15983 | Lair:4   | Killed an entropy weaver
 16467 | Lair:5   | Learned a level 4 spell: Throw Icicle
 16467 | Lair:5   | Noticed a death yak
 16475 | Lair:5   | Killed a death yak
 16568 | Lair:5   | Killed a death yak
 16584 | Lair:5   | Killed a death yak
 16621 | Lair:5   | Killed a death yak
 16623 | Lair:5   | Killed a death yak
 17151 | Lair:6   | Noticed Sonja
 17361 | Lair:6   | Noticed a four-headed hydra
 17370 | Lair:6   | Killed a four-headed hydra
 17560 | Lair:6   | Killed Sonja
 17593 | Lair:6   | Found a large runed translucent door.
 17593 | Lair:6   | Noticed a fire dragon
 18060 | Lair:6   | Found a large runed translucent door.
 18134 | Lair:6   | Killed a fire dragon
 18155 | Lair:6   | Got a steaming amethyst amulet
 18182 | Lair:6   | Identified the amulet of Paruskeq {Gourm rElec Dex+2 SInv}
                  | (You found it on level 6 of the Lair of Beasts)
 18244 | Lair:6   | Reached skill level 15 in Necromancy
 18331 | Lair:6   | Learned a level 2 spell: Swiftness
 18497 | Orc:1    | Entered Level 1 of the Orcish Mines
 18646 | Orc:2    | Entered Level 2 of the Orcish Mines
 18718 | Orc:2    | Found a staircase to the Elven Halls.
 18761 | Orc:2    | Noticed an orc warlord
 19594 | D:12     | Learned a level 5 spell: Dispel Undead
 19929 | D:12     | Found a basalt altar of Yredelemnul.
 20333 | D:12     | Noticed Gastronok
 20364 | D:12     | Killed Gastronok
 20519 | D:12     | Reached XP level 13. HP: 63/63 MP: 25/34
 21007 | D:13     | Noticed Nessos
 21029 | D:13     | Killed Nessos
 21279 | D:13     | Found a gate to the Vaults.
 22239 | D:7      | Bought a potion of magic for 112 gold pieces
 22245 | D:7      | Learned a level 5 spell: Bolt of Draining
 22399 | Snake:1  | Entered Level 1 of the Snake Pit
 22934 | Snake:1  | Noticed Nikola
 22956 | Snake:1  | Killed Nikola
 23415 | Snake:2  | Noticed a nagaraja
 23427 | Snake:2  | Noticed a nagaraja
 24599 | D:14     | Learned a level 8 spell: Death's Door
 25322 | D:15     | Entered Level 15 of the Dungeon
 25528 | D:15     | Reached XP level 14. HP: 68/68 MP: 27/35
 25619 | D:15     | Found a staircase to the Depths.
 25674 | D:15     | Found Ceck's Distillery.
 26295 | D:15     | Bought a potion of heal wounds for 75 gold pieces
 26295 | D:15     | Bought a potion of heal wounds for 75 gold pieces
 26322 | Depths:1 | Entered Level 1 of the Depths
 27593 | D:10     | Identified the +10 morningstar of the Dozen Deaths {pain,
                  | *Rage Str+2 Int+4 Dex+3}
 28419 | Snake:2  | Found Xekhisal's Food Emporium.
 28579 | Snake:2  | Killed a nagaraja
 28729 | Snake:2  | Found Kajasikope's Gadget Boutique.
 28730 | Snake:2  | Found Isacaz's Jewellery Shoppe.
 28731 | Snake:2  | Found Mishruot's Gadget Boutique.
 28746 | Snake:2  | Bought an uncursed ring of poison resistance for 320 gold
                  | pieces
 28853 | Snake:2  | Reached skill level 15 in Charms
 29031 | Snake:2  | Killed a nagaraja
 29277 | Snake:2  | Noticed Vashnia
 29710 | Shoals:1 | Entered Level 1 of the Shoals
 29710 | Shoals:1 | Found Zeil's Magic Scroll Boutique.
 29923 | Shoals:1 | Noticed Donald
 29938 | Shoals:1 | Killed Donald
 30008 | Shoals:1 | Reached skill level 16 in Spellcasting
 30993 | Shoals:2 | Noticed Polyphemus
 31119 | Shoals:2 | Killed Polyphemus
 31124 | Shoals:2 | Reached skill level 17 in Spellcasting
 31456 | Shoals:2 | Reached XP level 15. HP: 59/72 MP: 38/38
 31526 | Shoals:2 | Learned a level 6 spell: Deflect Missiles
 31715 | Shoals:2 | Found a large runed translucent door.
 31715 | Shoals:2 | Found a large runed translucent door.
 31716 | Shoals:2 | Noticed Amplified's ghost (adept NaBe)
 32294 | Shoals:3 | Reached skill level 18 in Spellcasting
 32696 | Shoals:4 | Entered Level 4 of the Shoals
 33526 | Shoals:4 | Reached skill level 19 in Spellcasting
 33941 | Shoals:4 | Got a barnacled rune of Zot
 34119 | Snake:2  | Killed Vashnia
 34503 | Snake:3  | Reached skill level 20 in Spellcasting
 34563 | Snake:3  | Noticed a nagaraja
 34580 | Snake:3  | Killed a nagaraja
 35224 | Snake:3  | Found a frozen archway.
 35252 | IceCv    | Entered an ice cave
 35758 | IceCv    | Slain by an anaconda simulacrum

Skill      XL: |  1  2  3  4  5  6  7  8  9 10 11 12 13 14 15 |
---------------+----------------------------------------------+-----
Ice Magic      | 4 5 6 9 10 | 10.0
Spellcasting   | 4 6 8 10 14 15 17 20 | 20.0
Summonings     | 2 4 5 8 |  8.1
Necromancy     | 8 10 11 15 19 | 19.4
Charms         | 10 15 | 15.5
Dodging        | |  2.4
Stealth        | |  2.4
Conjurations   | |  1.1

Action                   |  1- 3 |  4- 6 |  7- 9 | 10-12 | 13-15 || total
-------------------------+-------+-------+-------+-------+-------++-------
Melee: Unarmed           |     1 |       |       |       |       ||     1
       Staff             |     2 |    12 |    14 |     3 |     3 ||    34
 Cast: Freeze            |    55 |   107 |   108 |    77 |    41 ||   388
       Summon Ice Beast  |       |     7 |   126 |   253 |   345 ||   731
       Animate Skeleton  |       |       |    43 |    85 |   106 ||   234
       Simulacrum        |       |       |       |    61 |    92 ||   153
       Ozocubu's Armour  |       |       |       |    14 |    29 ||    43
       Regeneration      |       |       |       |     7 |    16 ||    23
       Throw Frost       |       |       |       |     1 |       ||     1
       Throw Icicle      |       |       |       |     4 |    51 ||    55
       Dispel Undead     |       |       |       |     2 |    16 ||    18
       Swiftness         |       |       |       |     1 |     5 ||     6
       Bolt of Draining  |       |       |       |       |    57 ||    57
       Death's Door      |       |       |       |       |     6 ||     6
       Deflect Missiles  |       |       |       |       |     5 ||     5
Invok: Receive Corpses   |       |       |       |    10 |    16 ||    26
       Receive Necronomi |       |       |       |     1 |       ||     1
       Torment           |       |       |       |       |     1 ||     1
Evoke: Wand              |       |       |     7 |     3 |     8 ||    18
       Sack of spiders   |       |       |       |       |     2 ||     2
  Use: Scroll            |       |     6 |     5 |    20 |    27 ||    58
       Potion            |       |       |     3 |     4 |    18 ||    25
  Eat: Chunk             |     2 |    11 |    20 |    33 |    67 ||   133
       Ration            |       |       |     1 |     6 |       ||     7
Armor: Robe              |     6 |     8 |    52 |    47 |       ||   113
       Steam dragon scal |       |       |       |    12 |   198 ||   210
Dodge: Dodged            |    32 |    46 |   102 |    69 |   231 ||   480
       Deflected         |       |       |       |       |    36 ||    36
